 Dungeon Sprint DCSS version 0.21-a0-176-gb3d4b37 (webtiles) character file.

9 galech the Shield-Bearer (level 2, -2/28 HPs)
             Began as a Deep Dwarf Fighter on Aug 8, 2017.
             Was an Initiate of Makhleb.
             Slain by a slave (3 damage)
             ... led by Pikel
             ... in the Dungeon (Sprint VII: "The Pits").
             The game lasted 00:00:43 (185 turns).

galech the Shield-Bearer (Deep Dwarf Fighter)        Turns: 185, Time: 00:00:44

Health: -2/28      AC:  7    Str: 19    XL:     2   Next: 6%
Magic:  2/2        EV:  7    Int:  8    God:    Makhleb [......]
Gold:   0          SH:  9    Dex: 12    Spells: 1/1 levels left

rFire    . . .     SeeInvis .   a - +0 war axe
rCold    . . .     Gourm    .   c - +0 shield
rNeg     . . .     Faith    .   b - +0 scale mail
rPois    .         Spirit   .   (no helmet)
rElec    .         Reflect  .   (no cloak)
rCorr    .         Harm     .   (no gloves)
MR       .....     NoTele   +   (no boots)
Stlth    ..........             (no amulet)
HPRegen  0.00/turn              (no ring)
MPRegen  0.08/turn              (no ring)

@: non-regenerating
A: damage resistance, heal wounds, sense surroundings 1, no regeneration
a: Heal Wounds, Renounce Religion


You were in the Dungeon.
You worshipped Makhleb.
Makhleb was noncommittal.
You were not hungry.

You visited 1 branch

Inventory:

Hand Weapons
 a - a +0 war axe (weapon)
Armour
 b - a +0 scale mail (worn)
 c - a +0 shield (worn)
Scrolls
 k - a scroll of blinking
 m - 3 scrolls of remove curse
 n - 5 scrolls of amnesia
 o - a scroll of summoning
Potions
 d - a potion of might
 e - a potion of curing
 g - a potion of heal wounds
 h - a potion of haste
 i - 4 potions of magic
 j - 3 potions of berserk rage
 l - 2 potions of invisibility
Comestibles
 f - 8 bread rations
 p - 40 fruits
 q - 7 meat rations
 r - 3 chunks of flesh


   Skills:
 + Level 3.4 Fighting
 + Level 2.7 Axes
 + Level 3.9 Armour
 + Level 4.1 Shields


You had one spell level left.
You didn't know any spells.

Dungeon Overview and Level Annotations

Branches:
Dungeon (1/1)

Altars:
Ashenzari
Cheibriados
Dithmenos
Elyvilon
Fedhas
Gozag
Hepliaklqana
Kikubaaqudgha
Makhleb
Nemelex Xobeh
Okawaru
Qazlal
Ru
Sif Muna
Trog
Uskayaw
Vehumet
Wu Jian
Xom
Yredelemnul
Zin
The Shining One
Beogh
Jiyva
Lugonu

Annotations:
D Grinder, Pikel


Innate Abilities, Weirdness & Mutations

You are resistant to damage.
You can heal yourself by infusing magical energy.
You passively map a small area around you.
You do not regenerate.


Message History

You are too injured to fight recklessly!
You are too injured to fight recklessly!
You are too injured to fight recklessly!
You are too injured to fight recklessly!
You are too injured to fight recklessly!
You closely miss the slave. The slave hits you.
* * * LOW HITPOINT WARNING * * *
The orc wizard mumbles some strange words.
The orc wizard seems to speed up.
You barely miss the slave.
The orc wizard gestures wildly while chanting.
The orc wizard blinks!
The slave hits you.
* * * LOW HITPOINT WARNING * * *
The orc wizard mumbles some strange words.
The orc wizard blinks!
Your shield prevents you from hitting the slave.
The slave hits you.
* * * LOW HITPOINT WARNING * * *
The slave hits you.
You die...

#_________.# **
#_______...#######
##########'##.....
#.?(.')))'.##.....
##########.##.....
#.........).'....(
#'#####'#####.....
#.#,, #)# #.....
#@# #.#,, ####'#
#p# +.#, #.....
#o# + ### #.....
#p# , #..... #o# ,
, *#...<. #J# , ,
#..... #g#, , ,,
#..... #J# #.....
#...opoo# ######


You could see 2 slaves, 2 jellies, an orc wizard, an orc and a hobgoblin.

Vanquished Creatures
  An ufetubus (D)
  2 orcs (D)
3 creatures vanquished.

Notes
Turn   | Place    | Note
-------+----------+-------------------------------------------
     0 | D        | galech the Deep Dwarf Fighter began the quest for the Orb.
     0 | D        | Reached XP level 1. HP: 20/20 MP: 1/1
   126 | D        | Found a glowing golden altar of the Shining One.
   126 | D        | Found a glowing silver altar of Zin.
   126 | D        | Found a basalt altar of Yredelemnul.
   126 | D        | Found a shimmering altar of Xom.
   126 | D        | Found an ornate altar of the Wu Jian Council.
   126 | D        | Found a bloodstained altar of Trog.
   126 | D        | Found a deep blue altar of Sif Muna.
   126 | D        | Found a sacrificial altar of Ru.
   126 | D        | Found a stormy altar of Qazlal.
   126 | D        | Found an iron altar of Okawaru.
   126 | D        | Found a sparkling altar of Nemelex Xobeh.
   126 | D        | Found a burning altar of Makhleb.
   126 | D        | Found a viscous altar of Jiyva.
   126 | D        | Found a hazy altar of Hepliaklqana.
   126 | D        | Found an opulent altar of Gozag.
   126 | D        | Found a blossoming altar of Fedhas.
   126 | D        | Found a white marble altar of Elyvilon.
   126 | D        | Found a shadowy altar of Dithmenos.
   126 | D        | Found a snail-covered altar of Cheibriados.
   128 | D        | Found a corrupted altar of Lugonu.
   128 | D        | Found a radiant altar of Vehumet.
   128 | D        | Found a roughly hewn altar of Beogh.
   129 | D        | Found an ancient bone altar of Kikubaaqudgha.
   129 | D        | Found a hide-covered altar of Uskayaw.
   129 | D        | Found a shattered altar of Ashenzari.
   135 | D        | Became a worshipper of Makhleb the Destroyer
   148 | D        | Reached skill level 4 in Shields
   150 | D        | Reached XP level 2. HP: 22/28 MP: 2/2
   170 | D        | Noticed a slave
   170 | D        | Noticed Grinder
   171 | D        | Noticed a slave
   171 | D        | Noticed a slave
   172 | D        | Noticed Pikel
   185 | D        | HP: 1/28 [slave[Pikel] (3)]
   185 | D        | Slain by a slave

Vault maps used:
D:        pitsprint

Skill      XL: |  1 |
---------------+----+-----
Fighting       | 3 |  3.4
Shields        | 4 |  4.1
Axes           | |  2.7
Armour         | |  3.9

Action                   || total
-------------------------++-------
Melee: War axe           ||    14
Armor: Scale mail        ||     1
Dodge: Dodged            ||     4
Block: Shield            ||     4
